AoeStats
← Mooncore

Black Forest

508865264Analyzed
3v3 RM · 7d ago on Sep 24, 2026· 44m 34s· 6 players
Game mode
Random Map
Map size
Normal (6 player)
Population
200
Speed
Normal
Resources
Standard
Victory
Conquest
Starting age
Dark Age
Ending age
Imperial Age
RankedLock teamsTeams togetherTeam positionsShared explorationLock speedFull tech treeHidden civsTurbo modeCheats
Victory
Defeat
🇨🇳 Danes · China
1138
+16
🇨🇳 Malians · China
1133
+17
🇮🇩 Japanese · Indonesia
1101
+18
🇬🇧 Mongols · United Kingdom
1164
-18
🇨🇿 Celts · Czechia
1163
-18
🇬🇧 Varangians · United Kingdom
1108
-15
小敏
11:25 Feudal Age
10:03 Loom
10:48 Loom
15:38 Castle Age
13:55 Double-Bit Axe
23:59 Padded Archer Armor
24:03 Scale Mail Armor
41:44 Imperial Age
40:22 Horse Collar
40:55 Bow Saw
40:37 Pikeman
41:17 Squires
41:02 Arson
40:38 Man-at-Arms
42:52 Conscription
42:53 Tigui
44:03 Wheelbarrow
43:14 Town Watch
43:37 Murder Holes
43:24 Treadmill Crane
Nicholas Li
3:16 Loom
11:13 Feudal Age
12:26 Double-Bit Axe
15:02 Castle Age
13:27 Horse Collar
13:41 Gold Mining
16:53 Wheelbarrow
16:54 Bow Saw
18:01 Stone Mining
22:33 Heavy Plow
22:53 Fervor
23:38 Gold Shaft Mining
25:25 Hand Cart
26:24 Squires
27:48 Stone Shaft Mining
31:45 Imperial Age
29:28 Scale Mail Armor
29:38 Arson
29:39 Gambesons
30:40 Forging
30:46 Chain Mail Armor
32:08 Iron Casting
31:12 Hamask
32:48 Conscription
32:37 Elite Jomsviking
34:22 Plate Mail Armor
35:46 Blast Furnace
36:47 Ballistics
38:38 Chemistry
39:09 Caravan
41:43 Siege Engineers
42:51 Northmen's Fury
DekaJe
0:33 Loom
17:53 Feudal Age
23:22 Castle Age
22:27 Double-Bit Axe
22:26 Horse Collar
24:34 Heavy Plow
30:46 Fletching
33:14 Guard Tower
34:57 Yasama
36:00 Scale Mail Armor
41:47 Imperial Age
41:21 Forging
41:26 Chain Mail Armor
41:27 Masonry
41:03 Treadmill Crane
43:45 Elite Samurai
NeoPlex_cz
3:03 Loom
12:08 Feudal Age
17:27 Castle Age
15:54 Double-Bit Axe
17:33 Horse Collar
19:50 Wheelbarrow
21:28 Town Watch
23:09 Bow Saw
27:36 Gold Mining
30:39 Pikeman
31:06 Gambesons
31:22 Scale Mail Armor
31:33 Forging
33:56 Imperial Age
33:22 Hand Cart
34:10 Chain Mail Armor
34:49 Halberdier
34:55 Heavy Scorpion
35:04 Capped Ram
36:52 Chemistry
36:12 Ballistics
37:05 Conscription
37:04 Furor Celtica
37:36 Plate Mail Armor
37:42 Iron Casting
Sir Faffalot
0:43 Loom
11:00 Feudal Age
15:08 Castle Age
13:53 Double-Bit Axe
16:31 Bow Saw
16:04 Fishing Lines
18:36 Stone Mining
19:13 Horse Collar
22:07 Fletching
23:43 Wheelbarrow
28:00 Imperial Age
26:12 Fortified Wall
26:05 Padded Archer Armor
27:01 Murder Holes
34:17 Imperial Age
39:31 Town Watch
43:38 Masonry
Mooncore
10:34 Feudal Age
16:26 Castle Age
15:51 Double-Bit Axe
24:27 Fishing Lines
25:46 Forging
25:41 Scale Barding Armor
27:28 Iron Casting
26:17 Light Cavalry
27:08 Bloodlines
26:59 Husbandry
28:09 Chain Barding Armor
32:48 Loom
39:06 Imperial Age
38:15 Arson
38:32 Squires
38:34 Scale Mail Armor
40:19 Hussar
42:04 Blast Furnace
41:40 Plate Barding Armor
Connection lost

Rejoining the realm…

Still unreachable

The connection could not be restored.

Session expired

The server has moved on; the page needs a fresh start.